 Dungeon Crawl Stone Soup version 0.29-a0-973-gac7da5f7f0 (webtiles) character file.

Game seed: 8943741561523785571

4 vurker the Sneak (level 1, 0/9 HPs)
             Began as a Vine Stalker Enchanter on July 31, 2022.
             Slain by a goblin
             ... wielding a +0 club
              (1 damage)
             ... on level 1 of the Dungeon.
             The game lasted 00:00:37 (256 turns).

vurker the Sneak (Vine Stalker Enchanter)            Turns: 256, Time: 00:00:37

Health: 0/9        AC:  2    Str: 10    XL:     1   Next: 70%
Magic:  0/4        EV: 12    Int: 15    God:
Gold:   23         SH:  0    Dex: 14    Spells: 4/4 levels left

rFire   . . .      SeeInvis .   a - +1 dagger
rCold   . . .      Faith    .   (no shield)
rNeg    . . .      Spirit   +   b - +0 robe
rPois   .          Reflect  .   (no helmet)
rElec   .          Harm     .   (no cloak)
rCorr   .          Rampage  .   (no gloves)
Will    .....                   (no boots)
Stlth   ++........              (no amulet)
HPRegen 0.03/turn               (no ring)
MPRegen 0.09/turn               (no ring)

@: no status effects
A: fangs 2, magic shield, antimagic bite, no potion heal 2
a: no special abilities


You were on level 1 of the Dungeon.
You visited 1 branch of the dungeon, and saw 1 of its levels.

You collected 23 gold pieces.

Inventory:

Hand Weapons
 a - a +1 dagger (weapon)
Armour
 b - a +0 robe (worn)
Scrolls
 d - 2 scrolls of identify {unknown}
Potions
 c - 2 potions of invisibility
 e - a potion of degeneration {unknown}


   Skills:
 + Level 0.2 Fighting
 - Level 0.8 Short Blades
 + Level 0.2 Armour
 + Level 1.6 Dodging
 - Level 3.6 Stealth
 * Level 0.5 Unarmed Combat
 - Level 2.1 Spellcasting
 - Level 3.0 Hexes


You had 4 spell levels left.
You didn't know any spells.
Your spell library contained the following spells:

 Spells                   Type           Power      Damage    Failure   Level
 Ensorcelled Hibernation  Hex/Ice        12%        N/A       19%         2
 Confusing Touch          Hex            10%        N/A       19%         3
 Tukima's Dance           Hex            10%        N/A       19%         3
 Dazzling Flash           Conj/Hex       12%        N/A       34%         3


Dungeon Overview and Level Annotations

Branches:
Dungeon (1/15)

Altars:

Shops:
D:1 [


Innate Abilities, Weirdness & Mutations

You have extremely sharp teeth.
When hurt, damage is shared between your health and your magic reserves.
Your bite disrupts and absorbs the magic of your enemies.
Potions cannot restore your health.


Message History

No target in view!
No target in view!
No target in view!
No target in view!
No target in view!
No target in view!
No target in view!
No target in view!
No target in view!
You see here a bat corpse.
d - 2 scrolls labelled GEAXKO SONOH (gained 1)
You see here a bat corpse.
A hobgoblin and a goblin come into view.
There are monsters nearby!
There are monsters nearby!
There are monsters nearby!
The hobgoblin shouts!
The goblin shouts!
You barely miss the hobgoblin. You bite the hobgoblin. You drain its power.
The hobgoblin barely misses you.
You hit the hobgoblin but do no damage. Your bite misses the hobgoblin.
The hobgoblin closely misses you.
You hit the hobgoblin but do no damage. You bite the hobgoblin.
You kill the hobgoblin!
The goblin hits you with a +0 club.
You hit the goblin. The goblin hits you with a +0 club.
You miss the goblin. The goblin hits you with a +0 club.
* * * LOW HITPOINT WARNING * * *
Unknown command.
You closely miss the goblin.
A bat comes into view.
The goblin hits you with a +0 club.
* * * LOW HITPOINT WARNING * * *
You barely miss the goblin. Your bite misses the goblin.
The goblin closely misses you.
Found 13 gold pieces.
The bat attacks as you move away! The bat closely misses you.
The goblin attacks as you move away! The goblin completely misses you.
Found a scroll labelled LALENI INEDGHIJ.
The bat hits you.
* * * LOW HITPOINT WARNING * * *
Found a stone staircase leading down.
The bat closely misses you.
You hit the bat.
You kill the bat!
You hit the goblin. Your bite misses the goblin.
The goblin hits you but does no damage.
You barely miss the goblin. Your bite misses the goblin.
The goblin hits you with a +0 club.
You die...

.....#####..†...........
######...#.##...........
..##.#.....##...........
##..##..##.###..........
######..##.# #.........#
## #..##.# #..###+###.
.# #..##.# ##.##
.#####..##.# #.g#
....##..##.# ##@#
.##..#..#... #..#
####.#..# ##.# # ### .#
# .. ..$ #.? .>.


You could see a goblin.

Vanquished Creatures
  2 bats (D:1)
  A hobgoblin (D:1)
  A ball python (D:1)
  A kobold (D:1)
5 creatures vanquished.

Notes
Turn   | Place    | Note
-------+----------+-------------------------------------------
     0 | D:1      | vurker the Vine Stalker Enchanter began the quest for the
                  | Orb.
     0 | D:1      | Reached XP level 1. HP: 9/9 MP: 4/4
   175 | D:1      | Found Ecloclem's Antique Armour Shop.
   256 | D:1      | Slain by a goblin

Illustrated notes

Levels and vault maps discovered:
D:1:      dpeg_arrival_round_a, layout_basic, shapermc_ecumenical_altar_venn,
          serial_shops, nicolae_shop_statue_plus

Action                   || total
-------------------------++-------
Melee: Dagger            ||    14
       Bite              ||     4
 Stab: Sleeping          ||     2
Armor: Robe              ||     1
Dodge: Dodged            ||    11

Table legend: (Time is in decaauts)
 A = Elapsed time spent in this place.
 B = Non-inter-level travel time spent in this place.
 C = Inter-level travel time spent in this place.
 D = Time resting spent in this place.
 E = Time spent auto-exploring this place.
 F = Levels seen in this place.
 G = Mean time per level.
                   A        B        C        D        E       F      G
               +--------+--------+--------+--------+--------+-----+--------+
         Total |    255 |    255 |      0 |      0 |    209 |   1 |  255.0 |
       Dungeon |    255 |    255 |      0 |      0 |    209 |   1 |  255.0 |
               +--------+--------+--------+--------+--------+-----+--------+

Top non-repeatable levels by time:
     D:1: 255 daAuts
